 Dungeon Crawl Stone Soup version 0.24-a0-179-g7a2c91a (webtiles) character file.

Game seed: 6420371829647123980

114 Lanoc the Slasher (level 4, -3/33 HPs)
             Began as an Octopode Chaos Knight on Mar 13, 2019.
             Was a Plaything of Xom.
             Slain by an iron imp (7 damage)
             ... summoned by Xom
             ... on level 3 of the Dungeon.
             The game lasted 00:02:11 (538 turns).

Lanoc the Slasher (Octopode Chaos Knight)            Turns: 538, Time: 00:02:13

Health: -3/33      AC:  1    Str: 11    XL:     4   Next: 97%
Magic:  4/4        EV: 14    Int: 15    God:    Xom [...*..]
Gold:   27         SH:  0    Dex: 11    Spells: 3/3 levels left

rFire    . . .     SeeInvis .   a - +0 falchion (chaos)
rCold    . . .     Gourm    .   (no shield)
rNeg     . . .     Faith    .   (helmet restricted)
rPois    .         Spirit   .   e - amulet of rage
rElec    .         Reflect  .   (no ring)
rCorr    .         Harm     .   (no ring)
MR       .....                  (no ring)
Stlth    ++........             (no ring)
HPRegen  0.11/turn              (no ring)
MPRegen  0.09/turn              (no ring)
                                (no ring)
                                (no ring)

@: no status effects
A: almost no armour, stealthy swim, amphibious, 8 rings, constrict 8, camouflage
1, gelatinous body 1
a: Renounce Religion, Evoke Berserk Rage


You were on level 3 of the Dungeon.
You worshipped Xom.
You were a favourite toy of Xom.
You were not hungry.

You visited 1 branch of the dungeon, and saw 3 of its levels.

You collected 27 gold pieces.

Inventory:

Hand Weapons
 a - a +0 falchion of chaos (weapon)
Jewellery
 e - an amulet of rage (around mantle)
Potions
 c - a potion of mutation
 d - 2 potions of might
Comestibles
 b - 2 rations
 f - 7 chunks of flesh


   Skills:
 + Level 3.7 Fighting
 * Level 4.4 Long Blades
 + Level 3.2 Dodging


You had 3 spell levels left.
You didn't know any spells.
Your spell library was empty.

Dungeon Overview and Level Annotations

Branches:
Dungeon (3/15)

Altars:


Innate Abilities, Weirdness & Mutations

You cannot wear most types of armour.
You are very stealthy in the water. (Stealth+)
You are amphibious.
You can wear up to eight rings at the same time.
You can use your tentacles to constrict eight enemies at once.
Your skin changes colour to match your surroundings (Stealth+).
Your rubbery body absorbs attacks. (AC +1, EV +1)


Message History

* * * LOW HITPOINT WARNING * * *
A shower of butterflies erupts from you!
Are you sure you want to stumble around while confused and next to your iron imp?
Okay, then.
Are you sure you want to stumble around while confused and next to your iron imp?
Okay, then.
Are you sure you want to stumble around while confused and next to your iron imp?
You hit your iron imp but do no damage.
You feel less confused.
The orc priest hits you with a +0 short sword.
* * * LOW HITPOINT WARNING * * *
Your white imp barely misses the iron imp.
You hit the orc priest but do no damage.
You grab the orc priest.
The orc priest is heavily wounded.
You constrict the orc priest.
The orc priest hits you with a +0 short sword.
* * * LOW HITPOINT WARNING * * *
The iron imp hits you!
You die...

#.# #.# #.#
#)# #.# #.#
#.#
#.########%#
#...bo@55..#
##########.#
###


You could see an iron imp, an orc priest and a friendly white imp.

Vanquished Creatures
  2 orc wizards (D:3)
  2 gnolls (D:2)
  An adder (D:2)
  3 dart slugs
  An orc (D:3)
  2 giant cockroaches
  3 jackals (D:2)
  6 kobolds
  2 bats (D:2)
  A frilled lizard (D:2)
  4 goblins
  6 rats
33 creatures vanquished.

Notes
Turn   | Place    | Note
-------+----------+-------------------------------------------
     0 | D:1      | Lanoc the Octopode Chaos Knight began the quest for the
                  | Orb.
     0 | D:1      | Reached XP level 1. HP: 16/16 MP: 1/1
    91 | D:1      | Reached XP level 2. HP: 21/21 MP: 2/2
   253 | D:2      | XOM: noise
   289 | D:2      | Reached XP level 3. HP: 15/26 MP: 3/3
   306 | D:2      | XOM: potion effect (curing)
   314 | D:2      | XOM: potion effect (curing)
   385 | D:2      | Reached skill level 4 in Long Blades
   385 | D:2      | Reached XP level 4. HP: 21/31 MP: 4/4
   392 | D:2      | XOM: harmless Summ miscast
   532 | D:3      | XOM: destruction
   536 | D:3      | XOM: summons 2 friendly demons
   536 | D:3      | XOM: butterfly on damage
   538 | D:3      | Slain by an iron imp

Levels and vault maps discovered:
D:1:      lemuel_arrival_river_bridge, layout_basic
D:2:      layout_rooms, uniq_terence
D:3:      layout_basic, lightli_sewer_entry_pipes

Skill      XL: |  1  2  3  4 |
---------------+-------------+-----
Long Blades    | 4 |  4.4
Dodging        | 3 |  3.2
Fighting       | |  3.7

Action                   |  1- 3 |  4- 6 || total
-------------------------+-------+-------++-------
Melee: Falchion          |    46 |    18 ||    64
       Constrict         |    18 |     5 ||    23
       Tentacles         |     8 |     1 ||     9
  Use: Scroll            |       |     4 ||     4
 Stab: Sleeping          |     3 |       ||     3
Armor: Skin              |     3 |     1 ||     4
Dodge: Dodged            |    38 |     9 ||    47
       Rpst.: Falchion   |    14 |     3 ||    17

Table legend:
 A = Non-vault XP
 B = Vault XP
 C = Vault XP percentage of total XP
 D = Non-vault monster count
 E = Vault monster count
 F = Vault count percentage of total count
                 A         B        C        D         E       F
            +---------+---------+-------+---------+---------+-------
      Total |     163 |       0 |   0.0 |      33 |       0 |   0.0
            +---------+---------+-------+---------+---------+-------
        D:1 |      23 |       0 |   0.0 |      13 |       0 |   0.0
        D:2 |      67 |       0 |   0.0 |      17 |       0 |   0.0
        D:3 |      73 |       0 |   0.0 |       3 |       0 |   0.0
            +---------+---------+-------+---------+---------+-------
